 Dungeon Crawl Stone Soup version 0.28.0-1-gb440e238dd (webtiles) character file.

Game seed: 1806046152400054678

3387 fragbeetle the Quickloader (level 9, -10/76 HPs)
             Began as a Minotaur Hunter on Feb 24, 2022.
             Was a Follower of Hepliaklqana.
             Mangled by a gnoll sergeant (15 damage)
             ... on level 6 of the Dungeon.
             The game lasted 00:14:50 (7039 turns).

fragbeetle the Quickloader (Minotaur Hunter)        Turns: 7039, Time: 00:14:51

Health: -10/76     AC:  9    Str: 18    XL:     9   Next: 74%
Magic:  8/8        EV: 12    Int:  8    God:    Hepliaklqana [*.....]
Gold:   190        SH:  3    Dex: 14    Spells: 7/8 levels left

rFire   . . .      SeeInvis .   v - +6 long sword
rCold   + . .      Faith    .   u - +0 buckler
rNeg    . . .      Spirit   .   D - +1 steam dragon scales
rPois   .          Reflect  .   (helmet unavailable)
rElec   .          Harm     .   m - +0 cloak
rCorr   .          Rampage  .   (no gloves)
Will    .....                   (no boots)
Stlth   ++........              (no amulet)
HPRegen 0.22/turn               b - ring of protection from cold
MPRegen 0.11/turn               (no ring)

@: lethally poisoned (-10 -> -23), studying Unarmed Combat
A: reduced essence, horns 3, retaliatory headbutt, talons 2
a: Renounce Religion, Recall Ancestor, Ancestor Identity


You were on level 6 of the Dungeon.
You worshipped Hepliaklqana.
Hepliaklqana was aware of your devotion.
You visited 2 branches of the dungeon, and saw 8 of its levels.

You collected 359 gold pieces.
You spent 169 gold pieces at shops.

Inventory:

Hand Weapons
 a - a +1 hand crossbow
 p - a +3 long sword of holy wrath
 q - a +1 spectral quarterstaff
 v - a +6 long sword (weapon)
 A - a +0 arbalest
 C - a +0 war axe of flaming
Missiles
 d - 26 bolts
 h - 3 throwing nets (quivered)
Armour
 m - a +0 cloak (worn)
 u - a +0 buckler (worn)
 D - +1 steam dragon scales (worn)
Jewellery
 b - a ring of protection from cold (left hand)
 w - a ring of fire
Wands
 y - a wand of iceblast (2)
 z - a wand of flame (1)
Scrolls
 c - a scroll of noise
 f - a scroll of magic mapping {unknown}
 g - a scroll of identify
 i - a scroll of brand weapon {unknown}
 n - a scroll of vulnerability {unknown}
 o - a scroll of enchant armour {unknown}
 r - 4 scrolls of teleportation {unknown}
 t - a scroll of enchant weapon {unknown}
 x - a scroll of summoning {unknown}
Potions
 j - a potion of brilliance
 k - a potion of haste
 l - a potion of heal wounds {unknown}
 s - 2 potions of mutation
 B - 2 potions of invisibility {unknown}


   Skills:
 - Level 10.0 Fighting
 - Level 5.0 Staves
 - Level 10.0 Crossbows
 + Level 7.6 Armour
 - Level 2.1 Dodging
 - Level 0.7 Stealth
 - Level 0.7 Evocations


You had 7 spell levels left.
You knew the following spells:

 Your Spells              Type           Power      Damage    Failure   Level
a - Apportation           Tloc           0%         N/A       52%         1

Your spell library contained the following spells:

 Spells                   Type           Power      Damage    Failure   Level
 Animate Skeleton         Necr           0%         N/A       52%         1
 Summon Small Mammal      Summ           0%         N/A       52%         1
 Corpse Rot               Necr/Air       0%         N/A       65%         2
 Poisonous Vapours        Pois/Air       0%         N/A       65%         2
 Ignite Poison            Fire/Tmut/Pois 0%         N/A       87%         3
 Mephitic Cloud           Conj/Pois/Air  0%         N/A       87%         3
 Freezing Cloud           Conj/Ice/Air   0%         6-21      100%        5


Dungeon Overview and Level Annotations

Branches:
Dungeon (7/15)             Temple (1/1) D:4

Altars:
Cheibriados
Dithmenos
Elyvilon
Fedhas
Gozag
Hepliaklqana
Kikubaaqudgha
Makhleb
Qazlal
Ru
Sif Muna
Trog
Vehumet
Xom
Yredelemnul
The Shining One

Shops:
D:3 (

Annotations:
D:5 Grinder
D:6 1 transporter, Dvallin's ghost, weakling FoDe


Innate Abilities, Weirdness & Mutations

Your life essence is reduced to manifest your ancestor. (-10% HP)
You have a pair of large horns on your head.
You reflexively headbutt those who attack you in melee.
You have razor-sharp toenails.


Message History

You slash the gnoll!
You kill the gnoll!
You feel extremely sick. The gnoll barely misses you. You furiously retaliate!
You headbutt the gnoll!
You kill the gnoll!
The gnoll sergeant hits you from afar with the +10 trident of the Slicing Tiger {venom, rN+}!
You are more poisoned.
You block the gnoll's attack.
The gnoll hits you from afar with a +0 halberd.
The gnoll shaman calls down the wrath of its god upon you.
You easily resist.
The gnoll sergeant barely misses you.
You hit the gnoll.
The gnoll is moderately wounded.
* * * LOW HITPOINT WARNING * * *
You feel extremely sick. The gnoll barely misses you.
Buttercup hits the gnoll sergeant.
You block the gnoll's attack. The gnoll misses you.
The gnoll sergeant closely misses you.
The gnoll hits you from afar with a +1 spear of pain.
* * * LOW HITPOINT WARNING * * *
Buttercup completely misses the gnoll sergeant.
The gnoll closely misses you. You block the gnoll's attack.
Okay, then.
As you read the scroll labelled CIOHYMPE ARRACS, it crumbles to dust.
It is a scroll of identify.
c - a scroll of noise
* * * LOW HITPOINT WARNING * * *
You feel very sick.
The gnoll sergeant hits you but does no damage.
The gnoll barely misses you.
Buttercup hits the gnoll sergeant.
The gnoll barely misses you. The gnoll hits you with a +0 club.
* * * LOW HITPOINT WARNING * * *
Okay, then.
As you read the scroll labelled IRHUC LU HEKK, it crumbles to dust.
The creatures around you are filled with an inner flame!
It was a scroll of immolation.
* * * LOW HITPOINT WARNING * * *
You feel very sick.
The gnoll sergeant hits you from afar with the +10 trident of the Slicing Tiger {venom, rN+}!
You die...

#..≈≈≈≈≈≈≈≈≈≈≈≈≈≈≈≈≈≈≈≈≈≈≈≈≈.....
#..≈≈#####...........#####≈≈.....
#..≈≈#.#.#.###.©.###.#.#.#≈≈.....
#..≈≈#...###g#####.###..g#≈≈.....
##.≈≈###..g............###≈≈..<..
#.≈≈.8#.######g######.#8.≈≈[....
#.≈≈.##.#g..#8gg#.⌠.#.##.≈≈.....
#.≈≈.#W.'..:#⌠R.g...'..#.≈≈.....
#.≈≈.##.#$g$#8.@#.⌠.#.##.≈≈.....
##)≈≈.8#.######g######.#8.≈≈.....
#..≈≈###..ggg.ggg......###≈≈.....
#.)≈≈#g..###.#####g###...#≈≈.....
#..≈≈#.#.#.###.©.###.#.#.#≈≈.....
#..≈≈#####...........#####≈≈.....
#..≈≈≈≈≈≈≈≈≈≈≈...≈≈≈≈≈≈≈≈≈≈≈.####
#..≈≈≈≈≈≈≈≈≈≈≈...≈≈≈≈≈≈≈≈≈≈≈.#
#............................#


You could see the friendly Buttercup the ancestor (inner flame), 2 gnoll
sergeants and 5 gnolls.

Vanquished Creatures
  Pikel (D:6)
  Joseph (D:7)
  Maggie (D:7)
  A hornet (D:7)
  A yak (D:7)
  An orc warrior (D:7)
  A sky beast (D:7)
  An ice beast (D:6)
  An ogre (D:6)
  A centaur (D:6)
  2 phantoms
  2 bullfrogs
  2 scorpions
  2 gnoll sergeants (D:6)
  A water moccasin zombie (D:6)
  2 water moccasin skeletons (D:6)
  3 wights (D:7)
  2 electric eels (D:7)
  A howler monkey (D:5)
  A centaur zombie (D:5)
  A hound (D:4)
  3 jellies (D:5)
  A centaur skeleton (D:7)
  2 orc priests
  An iguana (D:4)
  4 orc wizards (D:7)
  A scorpion zombie (D:5)
  11 gnolls
  A howler monkey zombie (D:6)
  2 adders
  2 shadow imps
  A white imp (D:6)
  An ufetubus (D:5)
  A worm (D:2)
  2 dart slugs
  17 orcs
  6 bats
  3 endoplasms
  6 giant cockroaches
  6 goblins
  4 hobgoblins
  5 jackals
  5 quokkas
  7 ball pythons
  2 frilled lizards (D:1)
  4 kobolds
  3 rats
130 creatures vanquished.

Vanquished Creatures (collateral kills)
  A centaur zombie (D:7)
  An orc (D:7)
2 creatures vanquished.

Vanquished Creatures (others)
  2 ancestors (D:7)
  19 plants
21 creatures vanquished.

Grand Total: 153 creatures vanquished

Notes
Turn   | Place    | Note
-------+----------+-------------------------------------------
     0 | D:1      | fragbeetle the Minotaur Hunter began the quest for the Orb.
     0 | D:1      | Reached XP level 1. HP: 18/18 MP: 0/0
   133 | D:1      | Reached XP level 2. HP: 25/25 MP: 1/1
   166 | D:1      | Reached skill level 5 in Crossbows
   239 | D:1      | Found a faded altar of an unknown god.
   855 | D:2      | Reached XP level 3. HP: 30/30 MP: 2/2
  1339 | D:3      | Found Lojucherph's Antique Weapon Emporium.
  1339 | D:3      | You fall into a shaft and drop 2 floors!
  1339 | D:5      | Entered Level 5 of the Dungeon
  1428 | D:5      | Noticed a phantom
  1527 | D:4      | Found a shadowy altar of Dithmenos.
  1537 | D:4      | Reached XP level 4. HP: 34/37 MP: 3/3
  1724 | D:3      | Bought a runed long sword for 169 gold pieces
  2096 | D:3      | Reached XP level 5. HP: 42/42 MP: 4/4
  2411 | D:4      | Found a staircase to the Ecumenical Temple.
  2427 | Temple   | Entered the Ecumenical Temple
  2684 | Temple   | Became a worshipper of Hepliaklqana the Forgotten
  2697 | D:4      | Noticed a phantom
  2701 | D:4      | Killed a phantom
  3193 | D:5      | Reached XP level 6. HP: 50/50 MP: 5/5
  3414 | D:5      | Noticed Grinder
  3447 | D:5      | HP: 2/50 [acid (10)]
  3453 | D:5      | Gained mutation: You have sharp toenails. [potion of
                  | mutation]
  3453 | D:5      | Gained mutation: You have a pair of large horns on your
                  | head. [potion of mutation]
  3453 | D:5      | Gained mutation: You have razor-sharp toenails. [potion of
                  | mutation]
  3458 | D:5      | HP: 3/75 [acid (2)]
  3459 | D:5      | Reached XP level 7. HP: 4/56 MP: 6/6
  4148 | D:6      | Found a shimmering altar of Xom.
  4157 | D:6      | Reached skill level 10 in Crossbows
  4250 | D:6      | Found a transporter.
  4262 | D:6      | Noticed Dvallin's ghost (weakling FoDe)
  4279 | D:6      | Identified the +10 trident of the Slicing Tiger {venom,
                  | rN+}
  4312 | D:6      | Reached skill level 5 in Fighting
  4372 | D:6      | Reached XP level 8. HP: 69/70 MP: 7/7
  4393 | D:6      | Found a transporter.
  4720 | D:6      | Learned a level 1 spell: Apportation
  4831 | D:6      | Noticed Pikel
  4840 | D:6      | Killed Pikel
  5138 | D:7      | Noticed Maggie
  5367 | D:7      | Reached skill level 10 in Fighting
  5438 | D:7      | Reached * piety under Hepliaklqana
  5448 | D:7      | Killed Maggie
  5449 | D:7      | Reached XP level 9. HP: 16/76 MP: 8/8
  5928 | D:7      | Reached skill level 5 in Staves
  6195 | D:7      | Noticed Joseph
  6215 | D:7      | Killed Joseph
  6216 | D:7      | Reached skill level 5 in Armour
  7039 | D:6      | Mangled by a gnoll sergeant

Illustrated notes

Levels and vault maps discovered:
D:1:      lightli_iron_boxes, layout_basic, hellmonk_ecumenical_altar_run_dry
D:2:      layout_loops_cross, serial_bayou_pond_e, chequers_mini_garden,
          glass_columns_b
D:3:      layout_loops_ring, serial_shops, shop_coins, minmay_hedge_maze,
          lemuel_flame_loot_1
D:4:      layout_basic, nicolae_dithmenos_the_darkroom,
          minmay_temple_entry_nine_rooms, kennysheep_small_square
D:5:      wad_pebble_path, layout_rooms, uniq_grinder
D:6:      layout_basic, old_standard_altar, gammafunk_ghost_gnarly_gnolls,
          grunt_decor_one_mirror, uniq_pikel
D:7:      layout_gridville, small_statue_intersection, chequers_big_river,
          minmay_strange_pillars, serial_bayou_pond_c, minmay_manual_mess,
          uniq_joseph, uniq_maggie
Temple:   minmay_temple_curvy_branch

Skill      XL: |  1  2  3  4  5  6  7  8  9 |
---------------+----------------------------+-----
Crossbows      | 5 6 7 8 9 10 | 10.0
Fighting       | 5 10 | 10.0
Staves         | 4 5 |  5.0
Armour         | 7 |  7.6
Dodging        | |  2.1
Stealth        | |  0.7
Evocations     | |  0.7

Action                   |  1- 3 |  4- 6 |  7- 9 || total
-------------------------+-------+-------+-------++-------
Melee: Spear             |    60 |    42 |       ||   102
       Headbutt          |     4 |    13 |    19 ||    36
       Punch             |     1 |     1 |       ||     2
       Long sword        |       |     8 |     2 ||    10
       Quarterstaff      |       |    43 |   107 ||   150
       Kick              |       |       |    28 ||    28
 Fire: Hand crossbow     |    40 |       |       ||    40
Invok: Ancestor Identity |       |       |     1 ||     1
Evoke: Wand              |       |       |     5 ||     5
  Use: Potion            |       |     6 |     2 ||     8
       Scroll            |       |       |     2 ||     2
 Stab: Distracted        |       |     1 |     2 ||     3
Armor: Leather armour    |     1 |       |       ||     1
       Ring mail         |    18 |    34 |    18 ||    70
       Skin              |       |     1 |     3 ||     4
       Steam dragon scal |       |       |     9 ||     9
Dodge: Dodged            |    34 |    53 |    66 ||   153
Block: Buckler           |       |       |     4 ||     4
